 Dungeon Crawl Stone Soup version 0.26-a0-852-g6321bf7485 (webtiles) character file.

Game seed: 18349720121967866849

2106 pablito the Tainter (level 9, -4/79 HPs)
             Began as a Naga Venom Mage on Nov 21, 2020.
             Was an Initiate of Sif Muna.
             Killed from afar by an electric eel (10 damage)
             ... with a bolt of electricity
             ... on level 7 of the Dungeon.
             The game lasted 00:38:38 (9357 turns).

pablito the Tainter (Naga Venom Mage)               Turns: 9357, Time: 00:38:39

Health: -4/79      AC:  5    Str: 15    XL:     9   Next: 28%
Magic:  6/13       EV: 10    Int: 21    God:    Sif Muna [......]
Gold:   444        SH:  0    Dex: 12    Spells: 4/13 levels left

rFire    . . .     SeeInvis +   A - +7 dagger of the Dragonfly {protect, rPois Str+3 Int+4}
rCold    . . .     Faith    .   (no shield)
rNeg     . . .     Spirit   .   a - +0 robe
rPois    +         Reflect  .   o - +0 helmet
rElec    .         Harm     .   (no cloak)
rCorr    .         Rampage  .   (no gloves)
MR       +....                  (no barding)
Stlth    ++++......             (no amulet)
HPRegen  0.23/turn              h - ring of stealth
MPRegen  0.13/turn              (no ring)

@: about to teleport, very slow
A: large, see invisible, deformed body, poison resistance, slowness 2, spit
poison 1, AC +3
a: Spit Poison, Renounce Religion


You were on level 7 of the Dungeon.
You worshipped Sif Muna.
Sif Muna was noncommittal.
You visited 2 branches of the dungeon, and saw 8 of its levels.

You collected 444 gold pieces.

Inventory:

Hand Weapons
 d - a +0 hand axe of flaming
 m - a +1 dagger of electrocution
 A - the +7 dagger of the Dragonfly (weapon) {protect, rPois Str+3 Int+4}
   (You found it on level 6 of the Dungeon)

   It grants its wielder temporary protection when it strikes (+7 to AC).
   It affects your strength (+3).
   It affects your intelligence (+4).
   It protects you from poison.
Missiles
 g - 35 poisoned darts
 t - 4 curare-tipped darts (quivered)
Armour
 a - a +0 robe (worn)
 o - a +0 helmet (worn)
Magical Staves
 i - an uncursed staff of air
Jewellery
 h - a ring of stealth (left hand)
Wands
 v - a wand of paralysis (3)
 w - a wand of flame (35)
 D - a wand of digging (6)
Scrolls
 b - 2 scrolls of enchant weapon {unknown}
 c - 5 scrolls of teleportation
 e - 6 scrolls of remove curse
 j - a scroll of blinking {unknown}
 k - a scroll of enchant armour {unknown}
 l - a scroll of immolation {unknown}
 r - a scroll of magic mapping
 y - a scroll of random uselessness {unknown}
 z - a scroll of identify
 C - a scroll of fear
Potions
 f - 5 potions of curing
 n - 3 potions of lignification
 p - a potion of berserk rage
 q - a potion of magic
 s - 2 potions of might
 u - a potion of haste
 x - a potion of brilliance {unknown}
 B - a potion of invisibility {unknown}


   Skills:
 + Level 4.7 Fighting
 + Level 0.7 Short Blades
 - Level 4.6 Staves
 - Level 1.6 Dodging
 - Level 7.0 Stealth
 - Level 2.8 Spellcasting
 + Level 4.5 Conjurations
 - Level 2.6 Transmutations
 + Level 3.1 Fire Magic
 + Level 8.1 Poison Magic


You had 4 spell levels left.
You knew the following spells:

 Your Spells              Type           Power        Failure   Level
a - Sting                 Tmut/Pois      ####         1%          1
b - Poisonous Vapours     Pois/Air       ###...       3%          2
c - Mephitic Cloud        Conj/Pois/Air  ###.....     7%          3
d - Ignite Poison         Fire/Tmut/Pois ###.....     6%          3

Your spell library contained the following spells:

 Spells                   Type           Power        Failure   Level
 Olgreb's Toxic Radiance  Pois           #####...     4%          4
 Confusing Touch          Hex            #.......     38%         3
 Gell's Gravitas          Tloc           #.........   38%         3
 Petrify                  Tmut/Erth      #.......     61%         4
 Yara's Violent Unravell  Hex/Tmut       #.........   91%         5
 Metabolic Englaciation   Hex/Ice        #.........   98%         5


Dungeon Overview and Level Annotations

Branches:
Dungeon (7/15)             Temple (1/1) D:5

Altars:
Ashenzari
Cheibriados
Dithmenos
Elyvilon
Fedhas
Gozag
Hepliaklqana
Kikubaaqudgha
Makhleb
Nemelex Xobeh
Okawaru
Qazlal
Ru
Sif Muna
Trog
Uskayaw
Vehumet
Wu Jian
Xom
Yredelemnul
Zin
The Shining One


Innate Abilities, Weirdness & Mutations

You cannot wear boots.
Your serpentine skin is tough. (AC +3)
You have supernaturally acute eyesight. (SInv)
Armour fits poorly on your strangely shaped body.
Your system is resistant to poisons. (rPois)
You cover ground very slowly.
You can spit poison.


Message History

The electric eel shoots out a bolt of lightning at you!
The bolt of electricity hits you!
The electric eel shoots out a bolt of lightning at you!
The bolt of electricity misses you.
The two-headed ogre is engulfed in poison gas.
The two-headed ogre looks even sicker.
The electric eel shoots out a bolt of lightning at you!
The bolt of electricity hits you!
As you read the scroll of teleportation, it crumbles to dust.
You feel strangely unstable.
You have got your breath back.
The electric eel shoots out a bolt of lightning at you!
The bolt of electricity hits you!
* * * LOW HITPOINT WARNING * * *
The electric eel shoots out a bolt of lightning at you!
The bolt of electricity hits you!
* * * LOW HITPOINT WARNING * * *
The electric eel shoots out a bolt of lightning at you!
The bolt of electricity hits you!
You die...

....# #........# ..###
#........# ...#
##.......# ...#
#..<....#
...#######.......####
.....................
.................####
........################
..)##...#.......@(.....#
##.####.#.≈O≈≈≈≈≈≈≈≈≈≈.#
##......#.≈≈≈≈≈≈;;≈≈≈≈.#
........'.≈≈≈≈≈≈≈≈≈≈≈≈.+
.......##.≈≈≈≈≈≈≈≈≈≈≈≈.#
.......##...[..........#
.......#################
.......# ########


You could see a two-headed ogre (very poisoned) and 2 electric eels.

Vanquished Creatures
  2 kobold demonologists (D:6)
  Sigmund (D:3)
  Edmund (D:5)
  5 bullfrogs
  2 scorpions
  A howler monkey (D:7)
  A centaur zombie (D:6)
  2 bullfrog zombies
  2 hounds
  6 orc wizards
  3 orc priests (D:6)
  4 worker ants
  A hound skeleton (D:4)
  Robin (D:3)
  2 worker ant zombies
  4 gnolls (D:2)
  9 adders
  A shadow imp (D:6)
  2 ufetubi
  6 worms
  3 dart slugs
  A leopard gecko (D:1)
  18 orcs
  A ball python (D:2)
  6 giant cockroaches
  13 goblins
  14 hobgoblins
  4 jackals (D:5)
  4 kobolds
  2 quokkas
  6 bats
  4 frilled lizards
  A quokka skeleton (D:5)
  A quokka zombie (D:7)
  6 rats
  A toadstool (D:2)
141 creatures vanquished.

Vanquished Creatures (others)
  9 fungi (D:2)
  A plant (D:6)
  2 toadstools (D:2)
12 creatures vanquished.

Grand Total: 153 creatures vanquished

Notes
Turn   | Place    | Note
-------+----------+-------------------------------------------
     0 | D:1      | pablito the Naga Venom Mage began the quest for the Orb.
     0 | D:1      | Reached XP level 1. HP: 15/15 MP: 3/3
   432 | D:1      | Reached XP level 2. HP: 12/22 MP: 0/5
  1224 | D:2      | Reached XP level 3. HP: 21/28 MP: 6/6
  1323 | D:2      | Reached XP level 4. HP: 10/36 MP: 4/7
  1329 | D:2      | Learned a level 2 spell: Poisonous Vapours
  1708 | D:2      | Learned a level 3 spell: Mephitic Cloud
  2007 | D:2      | HP: 3/36 [gnoll/+0 club (11)]
  2016 | D:2      | Reached XP level 5. HP: 5/43 MP: 0/9
  2016 | D:2      | HP: 4/64 [rat (1)]
  2321 | D:2      | Reached skill level 5 in Poison Magic
  2574 | D:2      | Found a stormy altar of Qazlal.
  2575 | D:2      | Found a snail-covered altar of Cheibriados.
  2635 | D:2      | Found a white marble altar of Elyvilon.
  3336 | D:3      | Reached skill level 1 in Fighting
  3336 | D:3      | Reached skill level 1 in Staves
  3370 | D:3      | Noticed Robin
  3374 | D:3      | Killed Robin
  3375 | D:3      | Reached skill level 5 in Stealth
  3548 | D:3      | Reached XP level 6. HP: 51/51 MP: 0/10
  3762 | D:3      | Learned a level 3 spell: Ignite Poison
  3843 | D:3      | Noticed Sigmund
  3857 | D:3      | Killed Sigmund
  3858 | D:3      | Reached skill level 1 in Conjurations
  4152 | D:3      | Reached XP level 7. HP: 60/60 MP: 1/11
  4946 | D:4      | Reached skill level 6 in Poison Magic
  5886 | D:4      | Found a snail-covered altar of Cheibriados.
  5986 | D:5      | Entered Level 5 of the Dungeon
  5990 | D:5      | Noticed Edmund
  5997 | D:5      | Killed Edmund
  6152 | D:5      | Found a staircase to the Ecumenical Temple.
  6163 | Temple   | Entered the Ecumenical Temple
  6225 | Temple   | Became a worshipper of Sif Muna the Loreminder
  6981 | D:5      | Reached XP level 8. HP: 23/68 MP: 12/12
  7199 | D:5      | Found a burning altar of Makhleb.
  7696 | D:6      | Found a transporter.
  8045 | D:6      | Found a transporter.
  8068 | D:6      | Noticed a kobold demonologist
  8078 | D:6      | Noticed a kobold demonologist
  8101 | D:6      | Reached skill level 1 in Fire Magic
  8298 | D:6      | Reached skill level 7 in Poison Magic
  8372 | D:6      | Noticed a soul eater
  8377 | D:6      | Noticed a soul eater
  8379 | D:6      | Killed a kobold demonologist
  8544 | D:6      | Killed a kobold demonologist
  8545 | D:6      | Reached XP level 9. HP: 65/79 MP: 9/13
  8854 | D:6      | Got an iridescent dagger
  8855 | D:6      | Identified the +7 dagger of the Dragonfly {protect, rPois
                  | Str+3 Int+4} (You found it on level 6 of the Dungeon)
  8945 | D:6      | Found a broken altar of Ashenzari.
  9093 | D:7      | Reached skill level 8 in Poison Magic
  9170 | D:7      | Found a glowing golden altar of the Shining One.
  9345 | D:7      | Noticed a two-headed ogre
  9357 | D:7      | HP: 6/79 [electric eel/bolt of electricity (13)]
  9357 | D:7      | Killed from afar by an electric eel

Illustrated notes

Levels and vault maps discovered:
D:1:      saegor_arrival_simple_b, layout_loops_corners
D:2:      kennysheep_big_flooded_room, layout_loops_ring,
          gammafunk_temple_overflow_pools, minmay_misc_feat_ornament,
          minmay_gold_behind_fungi, elyvilon_altar_1
D:3:      layout_loops_cross, grunt_ministairs_15, hangedman_decor_peaks_small,
          st_stairs_4, uniq_robin, uniq_sigmund
D:4:      layout_cave_pods, fountainhead, kennysheep_flooded_box
D:5:      layout_gridville, lemuel_doored_altar, minmay_temple_entry_waves,
          uniq_edmund
D:6:      gammafunk_wand_slinger, layout_rooms, lemuel_round_altar,
          serial_glass, glass_columns_a, glass_columns_b, glass_columns_b,
          glass_columns_c, glass_columns_c, glass_columns_c, glass_columns_b,
          glass_columns_b
D:7:      layout_basic, nrook_pool_corridor, tso_metal_star
Temple:   compressed_dpeg_circular_temple

Skill      XL: |  1  2  3  4  5  6  7  8  9 |
---------------+----------------------------+-----
Stealth        | 4 5 6 7 |  7.0
Transmutations | 2 |  2.6
Poison Magic   | 5 6 7 8 |  8.1
Fighting       | 1 2 4 |  4.7
Staves         | 1 2 3 4 |  4.6
Conjurations   | 1 2 4 |  4.5
Fire Magic     | 2 3 |  3.1
Short Blades   | |  0.7
Dodging        | |  1.6
Spellcasting   | |  2.8

Action                   |  1- 3 |  4- 6 |  7- 9 || total
-------------------------+-------+-------+-------++-------
Melee: Unarmed           |    10 |       |       ||    10
       Hand axe          |    11 |     9 |       ||    20
       Staff             |       |    53 |   136 ||   189
       Dagger            |       |       |    16 ||    16
 Cast: Sting             |    10 |    21 |    32 ||    63
       Poisonous Vapours |       |    53 |    81 ||   134
       Ignite Poison     |       |     1 |     5 ||     6
       Mephitic Cloud    |       |       |     2 ||     2
 Abil: Spit Poison       |    19 |    33 |    16 ||    68
  Use: Potion            |       |     2 |     1 ||     3
       Scroll            |       |     1 |    10 ||    11
 Stab: Sleeping          |       |     1 |     1 ||     2
Armor: Robe              |     4 |    19 |    52 ||    75
       Skin              |       |     6 |       ||     6
Dodge: Dodged            |    12 |    40 |   104 ||   156

Table legend: (Time is in decaauts)
 A = Elapsed time spent in this place.
 B = Non-inter-level travel time spent in this place.
 C = Inter-level travel time spent in this place.
 D = Time resting spent in this place.
 E = Time spent auto-exploring this place.
 F = Levels seen in this place.
 G = Mean time per level.
                   A        B        C        D        E       F      G
               +--------+--------+--------+--------+--------+-----+--------+
         Total |  11106 |  10896 |    210 |   1241 |   8027 |   8 | 1388.2 |
       Dungeon |  10882 |  10725 |    157 |   1241 |   7943 |   7 | 1554.6 |
        Temple |    223 |    171 |     52 |      0 |     84 |   1 |  223.0 |
               +--------+--------+--------+--------+--------+-----+--------+

Top non-repeatable levels by time:
     D:2: 2056 daAuts
     D:3: 2004 daAuts
     D:6: 1957 daAuts
     D:4: 1601 daAuts
     D:1: 1488 daAuts
     D:5: 1427 daAuts
     D:7: 347 daAuts
  Temple: 223 daAuts
